 Dungeon Sprint DCSS version 0.24.0-29-g8ce449bc06 (webtiles) character file.

Game seed: 2225751021197975133, levelgen mode: deterministic

54044 Groucho the Hoplite (level 15, -9/108 HPs)
             Began as a Halfling Wanderer on Nov 15, 2019.
             Was a High Priest of Qazlal.
             Killed from afar by an orb of fire (12 damage)
             ... with a fireball
             ... in the Dungeon (Sprint V: "Ziggurat Sprint").
             The game lasted 00:24:50 (3373 turns).

Groucho the Hoplite (Halfling Wanderer)             Turns: 3373, Time: 00:24:50

Health: -9/108     AC: 36    Str: 30    XL:     15   Next: 12%
Magic:  20/27      EV: 16    Int:  9    God:    Qazlal [*****.]
Gold:   0          SH: 42    Dex: 15    Spells: 19/20 levels left

rFire    + + +     SeeInvis .   H - +6 shillelagh "Devastator" {shatter}
rCold    . . .     Gourm    .   G - +18 shield of the Gong {rElec rN+ MR+ EV-5}
rNeg     + + .     Faith    .   F - +15 Maxwell's patent armour {-Cast -Tele rElec MR+ rCorr}
rPois    .         Spirit   .   (no helmet)
rElec    +         Reflect  .   W - +1 cloak {+Inv}
rCorr    +         Harm     .   (no gloves)
MR       +++..     NoTele   +   (no boots) Stlth ..........NoCast +
                                N - amulet of Nenup {Acrobat rF++ rN+}
HPRegen  0.28/turn              A - +6 ring of strength
MPRegen  0.20/turn              B - +6 ring of strength

@: protected from fire, studying 2 skills, repel missiles
A: small, dopey 1, frail 1, mutation resistance 1, wild magic 1, sturdy frame 1
a: Upheaval, Elemental Force, Disaster Area, Renounce Religion, Evoke
Invisibility


You were in the Dungeon.
You worshipped Qazlal.
Qazlal was extremely pleased with you.
You were hungry.

You visited 1 branch

Inventory:

Hand Weapons
 H - the +6 shillelagh "Devastator" (weapon) {shatter}
   (You found it in the Dungeon)
 I - a +5 fustibalus of freezing
Missiles
 J - 977 sling bullets
Armour
 a - +5 gold dragon scales
 F - the +15 Maxwell's patent armour (worn) {-Cast -Tele rElec MR+ rCorr}
   (You found it in the Dungeon)

   It insulates you from electricity.
   It affects your resistance to hostile enchantments.
   It prevents spellcasting.
   It prevents most forms of teleportation.
   It provides partial protection from all sources of acid and corrosion.
 G - the +18 shield of the Gong (worn) {rElec rN+ MR+ EV-5}
   (You found it in the Dungeon)

   It affects your evasion (-5).
   It insulates you from electricity.
   It protects you from negative energy.
   It affects your resistance to hostile enchantments.
 W - a +1 cloak of invisibility (worn)
Jewellery
 v - an uncursed ring of flight
 w - a +6 ring of dexterity
 x - a +6 ring of dexterity
 y - a +6 ring of intelligence
 z - a +6 ring of intelligence
 A - a +6 ring of strength (left hand)
 B - a +6 ring of strength (right hand)
 K - an uncursed ring of see invisible
 M - a +4 ring of evasion
 N - the amulet of Nenup (around neck) {Acrobat rF++ rN+}
   (You found it in the Dungeon)

   [amulet of the acrobat]

   It helps you evade while moving and waiting.
   It greatly protects you from fire.
   It protects you from negative energy.
 O - the ring "Vajor" {*Corrode rPois rC+++ Slay-2 Stlth+}
   (You found it in the Dungeon)

   [ring of stealth]

   It affects your accuracy and damage with ranged weapons and melee attacks
   (-2).
   It renders you almost immune to cold.
   It protects you from poison.
   It may corrode you when you take damage.
   It makes you more stealthy.
 P - an uncursed ring of poison resistance
 Q - a +5 amulet of reflection
 R - the ring "Zetaeqa" {rC+ rN+ Int+8}
   (You found it in the Dungeon)

   [ring of protection from cold]

   It affects your intelligence (+8).
   It protects you from cold.
   It protects you from negative energy.
 S - an uncursed ring of protection from fire
 T - an uncursed ring of protection from cold
 V - the ring "Jurph" {Int+4 SInv}
   (You found it in the Dungeon)

   [ring of see invisible]

   It affects your intelligence (+4).
   It lets you see invisible.
 X - an uncursed amulet of faith
 Y - an uncursed ring of positive energy
Wands
 C - a wand of disintegration (7)
 D - a wand of iceblast (7)
 E - a wand of acid (7)
Scrolls
 m - 4 scrolls of blinking
 p - 4 scrolls of amnesia
 q - 7 scrolls of fog
 r - a scroll of holy word
 s - 5 scrolls of identify
 t - 5 scrolls of remove curse
 u - 2 scrolls of fear
Potions
 b - 2 potions of brilliance
 c - a potion of lignification
 d - 2 potions of invisibility
 e - 4 potions of resistance
 f - a potion of experience
 h - 10 potions of curing
 j - 21 potions of haste
 k - 3 potions of magic
 l - 3 potions of berserk rage
 n - 5 potions of agility
 o - 6 potions of might
Books
 L - a manual of Evocations
 U - a manual of Shields
Comestibles
 g - 6 rations


   Skills:
 + Level 17.2 Fighting
 - Level 14.0 Slings
 + Level 19.9 Armour
 + Level 14.2 Dodging
 - Level 2.1 Stealth
 - Level 21.0 Shields
 - Level 3.2 Spellcasting
   Level 1.1 Translocations
 - Level 3.0 Fire Magic
 + Level 17.5 Invocations


You had 19 spell levels left.
You knew the following spells:

 Your Spells              Type           Power        Failure   Level  Hunger
a - Flame Tongue          Conj/Fire      #....        52%         1    ##.....

Your spell library contained the following spells:

 Spells                   Type           Power        Failure   Level  Hunger
 Throw Flame              Conj/Fire      #.....       67%         2    ###....
 Conjure Flame            Conj/Fire      #.......     87%         3    ####...
 Inner Flame              Hex/Fire       #.......     87%         3    ####...
 Mephitic Cloud           Conj/Pois/Air  #.......     97%         3    ####...
 Sticky Flame             Conj/Fire      #.......     99%         4    #####..
 Fireball                 Conj/Fire      #.........   100%        5    ######.


Dungeon Overview and Level Annotations

Branches:
Dungeon (1/1)

Altars:
Ashenzari
Cheibriados
Dithmenos
Elyvilon
Fedhas
Gozag
Hepliaklqana
Kikubaaqudgha
Makhleb
Nemelex Xobeh
Okawaru
Qazlal
Ru
Sif Muna
Trog
Uskayaw
Vehumet
Wu Jian
Xom
Yredelemnul
Zin
The Shining One
Beogh
Jiyva
Lugonu


Innate Abilities, Weirdness & Mutations

You are small and have problems with some larger weapons.
You are somewhat resistant to further mutation.
You are dopey. (Int -2)
You are frail. (-10% HP)
Your spells are a little harder to cast, but a little more powerful.
Your movements are slightly less encumbered by armour. (ER -2)


Message History

The fireball engulfs the orb of fire.
The orb of fire completely resists.
The fireball engulfs the orb of fire.
The orb of fire completely resists.
The orb of fire glows yellow.
The fireball explodes!
The fireball engulfs you! You resist.
* * * LOW HITPOINT WARNING * * *
The fireball engulfs the orb of fire.
The orb of fire completely resists.
The fireball engulfs the orb of fire.
The orb of fire completely resists.
The fireball engulfs the orb of fire.
The orb of fire completely resists.
Nature churns violently around you!
The blast of rubble hits the fire giant!!
The fire giant is severely wounded.
The blast of rubble hits the orb of fire but does no damage.
The orb of fire is moderately damaged.
The blast of magma engulfs the fire giant!
The fire giant partially resists.
The fire giant is almost dead.
The fire giant is engulfed in blazing flames.
The orb of fire glows yellow.
The fireball explodes!
The fireball engulfs you! You resist.
You die...

▓.. ▓.§≈.≈.... ▓..
▓.§≈..≈... ▓..
▓≈≈..≈≈....(... ▓..
▓.≈§.....))†... ▓.▓
▓...§§...(≈.... ▓..
▓≈≈..§(≈).≈≈(≈ ▓..
▓..○▓..≈=≈†≈▓ ▓..
▓*@▓▓▓(.≈≈≈▓▓ ≈▓▓▓
▓***▓.(.().?▓≈.≈▓..
▓§°C☼§..≈..≈≈≈.≈▓.:
▓.....§.©......≈▓..
▓▓▓▓▓▓▓▓▓▓▓▓▓▓▓▓▓..
▓.. ▓.. ▓.. ▓..


You could see 4 orbs of fire and a fire giant.

Vanquished Creatures
  2 deep elf blademasters (D)
  2 deep elf master archers (D)
  2 shadow dragons (D)
  2 fire giants (D)
  2 balrugs (D)
  3 deep elf sorcerers (D)
  2 ghouls (D)
  A deep elf annihilator (D)
  2 fire dragons (D)
  A great orb of eyes (D)
  A hydra (D)
  3 dancing weapons (D)
  A vampire mage (D)
  3 hell hogs (D)
  13 soul eaters (D)
  A deep elf knight (D)
  A skeletal warrior (D)
  2 deep elf archers (D)
  4 necromancers (D)
  2 deep elf magi (D)
  A shining eye (D)
  A moth of wrath (shapeshifter) (D)
  5 spiny frogs (D)
  2 rime drakes (D)
  A rime drake (shapeshifter) (D)
  A komodo dragon (D)
  3 freezing wraiths (D)
  2 efreet (D)
  An ice devil (D)
  3 guardian mummies (D)
  4 jumping spiders (D)
  A polar bear (D)
  7 slime creatures (D)
  3 hippogriffs (D)
  An air elemental (D)
  A flying skull (D)
  2 shadows (D)
  A water elemental (D)
  2 tarantellas (D)
  4 fire elementals (D)
  A yak (D)
  3 vampires (D)
  3 steam dragons (D)
  4 hell hounds (D)
  2 acid dragons (D)
  3 porcupines (D)
  2 ice beasts (D)
  A phantom (D)
  2 necrophages (D)
  2 wolves (D)
  A crocodile (D)
  4 bullfrogs (D)
  An earth elemental (D)
  8 scorpions (D)
  5 wights (D)
  6 jellies (D)
  An iron imp (D)
  2 mummies (D)
  A river rat (D)
  3 shadow imps (D)
  A white imp (D)
  2 oozes (D)
  2 spectral adders (D)
  5 adder zombies (D)
  5 adder skeletons (D)
  An adder simulacrum (D)
  3 spectral bats (D)
  4 bat skeletons (D)
  8 bat zombies (D)
  A jackal (D)
  A ball python skeleton (D)
  A ball python zombie (D)
  A giant cockroach zombie (D)
  A jackal skeleton (D)
  2 jackal zombies (D)
  2 leopard gecko skeletons (D)
  2 leopard gecko zombies (D)
  3 quokka skeletons (D)
  2 quokka zombies (D)
  A spectral giant cockroach (D)
  3 spectral leopard geckos (D)
  2 fire vortices (D)
204 creatures vanquished.

Vanquished Creatures (others)
  A dancing weapon (D)
  A deep elf archer (D)
2 creatures vanquished.

Grand Total: 206 creatures vanquished

Notes
Turn   | Place    | Note
-------+----------+-------------------------------------------
     0 | D        | Groucho the Halfling Wanderer began the quest for the Orb.
     0 | D        | Groucho set off with the following items: a +0 club, a
                  | potion of lignification, a +0 robe, a +0 dagger, a ration,
                  | a potion of curing, a potion of heal wounds, a potion of
                  | haste, 2 potions of magic, a potion of berserk rage, a
                  | scroll of blinking; and the following spell memorised:
                  | Flame Tongue; and the following spells available to
                  | memorise: Throw Flame, Conjure Flame, Inner Flame, Mephitic
                  | Cloud, Sticky Flame, Fireball
     0 | D        | Reached XP level 1. HP: 11/11 MP: 4/4
    13 | D        | Found a shimmering blue altar of Sif Muna.
    13 | D        | Found a bloodstained altar of Trog.
    13 | D        | Found a sacrificial altar of Ru.
    13 | D        | Found a stormy altar of Qazlal.
    13 | D        | Found an iron altar of Okawaru.
    14 | D        | Found a sparkling altar of Nemelex Xobeh.
    14 | D        | Found a blossoming altar of Fedhas.
    15 | D        | Found the +6 Majin-Bo {vamp, Archmagi MP+6 Int+6}
    15 | D        | Found the +7 great mace "Firestarter" {inner flame, rF++}
    16 | D        | Found a transporter.
    16 | D        | Found an ancient bone altar of Kikubaaqudgha.
    16 | D        | Found a viscous altar of Jiyva.
    16 | D        | Found a corrupted altar of Lugonu.
    16 | D        | Found a hazy altar of Hepliaklqana.
    16 | D        | Found a burning altar of Makhleb.
    16 | D        | Found an opulent altar of Gozag.
    38 | D        | Found the +9 heavy crossbow "Sniper" {velocity, Acc+∞ SInv}
    38 | D        | Found the +10 dark maul {crush}
    38 | D        | Found the +15 Maxwell's patent armour {-Cast -Tele rElec
                  | MR+ rCorr}
    38 | D        | Found the +18 shield of the Gong {rElec rN+ MR+ EV-5}
    38 | D        | Found the cursed +14 obsidian axe {chop, +Fly SInv *Curse}
    40 | D        | Found the +6 shillelagh "Devastator" {shatter}
    40 | D        | Found the +11 plutonium sword {*Contam Stlth-}
    40 | D        | Found the +8 lance "Wyrmbane" {slay drac, rPois rF+ rC+
                  | AC+3}
    40 | D        | Found the +9 sword of Zonguldrok {reap}
    40 | D        | Found the cursed +13 scythe of Curses {drain, *Curse}
    40 | D        | Found the +0 sword of Power
    40 | D        | Found the +7 mace of Variability {chain chaos}
    40 | D        | Found the +7 Singing Sword {slice, sonic wave}
    40 | D        | Found the +8 storm bow {elec, penet}
    48 | D        | Became a worshipper of Qazlal Stormbringer
    81 | D        | Entered arena 2.
    81 | D        | Found a transporter.
    83 | D        | Reached skill level 1 in Fighting
    83 | D        | Reached skill level 1 in Armour
    83 | D        | Reached skill level 1 in Shields
    83 | D        | Reached skill level 1 in Invocations
    83 | D        | Reached XP level 2. HP: 18/18 MP: 6/6
    83 | D        | Reached * piety under Qazlal
    83 | D        | Reached skill level 2 in Shields
    95 | D        | Entered arena 3.
    95 | D        | Noticed a wolf
    95 | D        | Found a transporter.
    98 | D        | Killed a wolf
    98 | D        | Reached skill level 5 in Slings
    98 | D        | Reached skill level 4 in Shields
    98 | D        | Reached XP level 3. HP: 26/26 MP: 7/7
    98 | D        | Reached XP level 4. HP: 31/31 MP: 8/8
    98 | D        | Reached XP level 5. HP: 36/36 MP: 9/9
   115 | D        | Entered arena 4.
   115 | D        | Noticed a jumping spider
   115 | D        | Noticed a jumping spider
   115 | D        | Found a transporter.
   121 | D        | Reached ** piety under Qazlal
   121 | D        | Reached skill level 5 in Armour
   121 | D        | Reached skill level 5 in Shields
   121 | D        | Reached skill level 5 in Invocations
   121 | D        | Reached XP level 6. HP: 39/44 MP: 10/10
   124 | D        | Killed a jumping spider
   124 | D        | Reached skill level 5 in Fighting
   124 | D        | Reached skill level 6 in Shields
   124 | D        | Reached XP level 7. HP: 45/51 MP: 10/12
   130 | D        | Killed a jumping spider
   130 | D        | Reached skill level 10 in Slings
   130 | D        | Reached skill level 7 in Shields
   349 | D        | Entered arena 5.
   349 | D        | Noticed a tarantella
   349 | D        | Noticed a jumping spider
   349 | D        | Noticed a jumping spider
   349 | D        | Found a transporter.
   355 | D        | Reached *** piety under Qazlal
   355 | D        | Killed a tarantella
   355 | D        | Reached skill level 8 in Shields
   355 | D        | Reached XP level 8. HP: 58/58 MP: 12/14
   357 | D        | Killed a jumping spider
   358 | D        | Killed a jumping spider
   371 | D        | Entered arena 6.
   371 | D        | Found a transporter.
   374 | D        | Reached **** piety under Qazlal
   375 | D        | Reached skill level 9 in Shields
   379 | D        | Reached ***** piety under Qazlal
   379 | D        | Reached XP level 9. HP: 50/65 MP: 15/15
   391 | D        | Entered arena 7.
   391 | D        | Noticed a guardian mummy
   391 | D        | Noticed a guardian mummy
   391 | D        | Noticed a guardian mummy
   392 | D        | Identified the +3 scythe "Keyjar" {antimagic, Dex+2}
   394 | D        | Killed a guardian mummy
   394 | D        | Killed a guardian mummy
   394 | D        | Reached skill level 10 in Shields
   394 | D        | Reached skill level 10 in Invocations
   397 | D        | Found a transporter.
   402 | D        | Killed a guardian mummy
   402 | D        | Reached skill level 10 in Armour
   594 | D        | Entered arena 8.
   602 | D        | Reached ****** piety under Qazlal
   603 | D        | Found a transporter.
   617 | D        | Entered arena 9.
   617 | D        | Noticed a rime drake
   617 | D        | Noticed a rime drake
   619 | D        | Killed a rime drake
   619 | D        | Reached XP level 10. HP: 74/74 MP: 11/18
   619 | D        | Killed a rime drake
   619 | D        | Reached skill level 11 in Shields
   622 | D        | Found a transporter.
   915 | D        | Entered arena 10.
   915 | D        | Noticed an ice devil
   915 | D        | Noticed a freezing wraith
   915 | D        | Noticed a freezing wraith
   915 | D        | Noticed a freezing wraith
   916 | D        | Found the +7 sceptre of Torment {pain, torment}
   918 | D        | Killed a freezing wraith
   918 | D        | Killed a freezing wraith
   918 | D        | Reached skill level 10 in Fighting
   918 | D        | Killed a freezing wraith
   922 | D        | Reached skill level 12 in Shields
   925 | D        | Killed an ice devil
   926 | D        | Found a transporter.
   949 | D        | Entered arena 11.
   956 | D        | Found a transporter.
  1109 | D        | Entered arena 12.
  1109 | D        | Noticed a deep elf sorcerer
  1109 | D        | Noticed a deep elf sorcerer
  1109 | D        | Noticed a deep elf archer
  1109 | D        | Noticed a deep elf sorcerer
  1109 | D        | Noticed a +0 dire flail of holy wrath
  1110 | D        | Noticed a deep elf archer
  1110 | D        | Noticed a moth of wrath
  1110 | D        | Noticed a deep elf annihilator
  1111 | D        | Killed a +0 dire flail of holy wrath
  1111 | D        | Reached XP level 11. HP: 82/82 MP: 15/20
  1113 | D        | Killed a deep elf archer
  1113 | D        | Killed a deep elf archer
  1113 | D        | Reached skill level 13 in Shields
  1113 | D        | Found a transporter.
  1115 | D        | Killed a moth of wrath
  1115 | D        | Killed a deep elf annihilator
  1115 | D        | Killed a deep elf sorcerer
  1117 | D        | Killed a deep elf sorcerer
  1117 | D        | Reached skill level 14 in Shields
  1118 | D        | Killed a deep elf sorcerer
  1120 | D        | Reached XP level 12. HP: 72/91 MP: 1/22
  1128 | D        | Got the amulet of Nenup {Acrobat rF++ rN+}
  1367 | D        | Entered arena 13.
  1367 | D        | Noticed a vampire mage
  1371 | D        | Killed a vampire mage
  1373 | D        | Found a transporter.
  1381 | D        | Got the ring "Vajor" {*Corrode rPois rC+++ Slay-2 Stlth+}
  1463 | D        | Entered arena 14.
  1464 | D        | Noticed a ghoul
  1464 | D        | Noticed a skeletal warrior
  1468 | D        | Reached skill level 15 in Shields
  1468 | D        | Reached skill level 15 in Armour
  1468 | D        | Reached skill level 15 in Invocations
  1469 | D        | Killed a skeletal warrior
  1475 | D        | Killed a ghoul
  1476 | D        | Found a transporter.
  1503 | D        | Got the ring of Xanock {Fire rN++ Int+4 Dex-4}
  1693 | D        | Entered arena 15.
  1693 | D        | Noticed a soul eater
  1694 | D        | Noticed a soul eater
  1695 | D        | Noticed a soul eater
  1698 | D        | Noticed a shadow dragon
  1700 | D        | Killed a soul eater
  1700 | D        | Reached skill level 1 in Dodging
  1705 | D        | Killed a soul eater
  1706 | D        | Killed a soul eater
  1708 | D        | Killed a shadow dragon
  1708 | D        | Reached XP level 13. HP: 93/100 MP: 5/24
  1713 | D        | Found a transporter.
  1927 | D        | Entered arena 16.
  1931 | D        | Reached skill level 16 in Shields
  1932 | D        | Reached skill level 5 in Dodging
  1948 | D        | Found the +2 robe of Vines {NoPotionHeal Regen+7}
  1949 | D        | Found a transporter.
  1957 | D        | Got the ring "Zetaeqa" {rC+ rN+ Int+8}
  2202 | D        | Entered arena 17.
  2203 | D        | Noticed a deep elf blademaster
  2204 | D        | Noticed a deep elf master archer
  2205 | D        | Noticed a deep elf master archer
  2206 | D        | Noticed a deep elf blademaster
  2208 | D        | Killed a deep elf blademaster
  2208 | D        | Killed a deep elf master archer
  2208 | D        | Reached skill level 17 in Shields
  2208 | D        | Killed a deep elf master archer
  2208 | D        | Reached skill level 15 in Fighting
  2213 | D        | Killed a deep elf blademaster
  2213 | D        | Reached skill level 10 in Dodging
  2222 | D        | Reached XP level 14. HP: 100/110 MP: 12/26
  2533 | D        | Found a transporter.
  2540 | D        | Got the ring of Noqiokho {+Fly rPois rC- rCorr}
  2595 | D        | Entered arena 18.
  2604 | D        | Reached skill level 18 in Shields
  2889 | D        | Found a transporter.
  2934 | D        | Entered arena 19.
  2956 | D        | Found the +5 robe of Night {Dark MR+ SInv}
  2956 | D        | Found the +5 scythe "Finisher" {speed, eviscerate}
  2959 | D        | Found a transporter.
  2975 | D        | Got the ring "Jurph" {Int+4 SInv}
  3042 | D        | Entered arena 20.
  3046 | D        | Noticed a ghoul
  3050 | D        | Noticed a shadow dragon
  3058 | D        | Killed a ghoul
  3058 | D        | Reached skill level 19 in Shields
  3089 | D        | Killed a shadow dragon
  3277 | D        | Found a transporter.
  3299 | D        | Got the ring of Peace {rF+ Stlth-}
  3330 | D        | Entered arena 21.
  3335 | D        | Noticed an orb of fire
  3336 | D        | Gained mutation: Your movements are slightly less
                  | encumbered by armour. (ER -2) [an orb of fire]
  3339 | D        | Noticed a balrug
  3340 | D        | Noticed a balrug
  3341 | D        | Noticed an orb of fire
  3342 | D        | Noticed a fire giant
  3343 | D        | Noticed an orb of fire
  3343 | D        | Noticed a fire giant
  3344 | D        | Reached skill level 20 in Shields
  3344 | D        | Killed a balrug
  3344 | D        | Killed a balrug
  3347 | D        | Gained mutation: Your spells are a little harder to cast,
                  | but a little more powerful. [an orb of fire]
  3348 | D        | Noticed an orb of fire
  3351 | D        | Identified the ring of the Ant {+Fly rN+ Str-2 Int+2}
  3353 | D        | Killed a fire giant
  3353 | D        | Reached XP level 15. HP: 22/120 MP: 19/27
  3353 | D        | Killed a fire giant
  3353 | D        | Reached skill level 21 in Shields
  3355 | D        | Noticed a fire giant
  3363 | D        | Gained mutation: You are dopey. (Int -2) [an orb of fire]
  3370 | D        | HP: 6/120 [orb of fire/fireball (6)]
  3370 | D        | Gained mutation: You are frail. (-10% HP) [an orb of fire]
  3373 | D        | Killed from afar by an orb of fire

Levels and vault maps discovered:
D:        sprint_v [room_start, room_1, room_2, room_3, room_4, room_5, room_6,
          room_7, room_8, room_9, room_10, room_11, room_12, room_13, room_14,
          room_15, room_16, room_17, room_18, room_19, room_20, room_21,
          room_22, room_23, room_24, room_25, room_26, room_27]

Skill      XL: |  1  2  3  4  5  6  7  8  9 10 11 12 13 14 15 |
---------------+----------------------------------------------+-----
Fighting       | 1 3 4 5 6 7 9 10 12 13 15 17 | 17.2
Slings         | 2 5 7 9 10 11 13 14 | 14.0
Armour         | 1 4 5 6 8 9 10 12 14 15 17 19 | 19.9
Shields        | 1 4 5 6 8 9 10 12 14 15 17 20 21 | 21.0
Invocations    | 1 4 5 6 8 9 10 12 14 15 16 17 | 17.5
Dodging        | 4 10 14 | 14.2
Stealth        | |  2.1
Spellcasting   | |  3.2
Translocations | |  1.1
Fire Magic     | |  3.0

Action                   |  1- 3 |  4- 6 |  7- 9 | 10-12 | 13-15 || total
-------------------------+-------+-------+-------+-------+-------++-------
Melee: Shillelagh        |     2 |     5 |    27 |    20 |     9 ||    63
 Fire: Fustibalus        |       |       |       |    10 |    69 ||    79
Invok: Upheaval          |       |       |     5 |    20 |    21 ||    46
       Disaster Area     |       |       |       |     3 |    14 ||    17
  Use: Scroll            |       |       |       |     1 |     2 ||     3
       Potion            |       |       |       |       |    14 ||    14
  Eat: Ration            |       |       |       |     1 |     1 ||     2
Armor: Plate armour      |       |     4 |     9 |    11 |    16 ||    40
Dodge: Dodged            |       |     3 |     2 |     2 |    18 ||    25
       Deflected         |       |       |       |       |     3 ||     3
Block: Shield            |     1 |    14 |    48 |    46 |    97 ||   206
